AoeStats
← 黑色的广告

Arena

510318897Analyzed
1v1 RM · 1d ago on Sep 30, 2026· 40m 29s· 2 players
Game mode
Random Map
Map size
Tiny (2 player)
Population
200
Speed
Normal
Resources
Standard
Victory
Conquest
Starting age
Dark Age
Ending age
Imperial Age
RankedLock teamsTeams togetherTeam positionsShared explorationLock speedFull tech treeHidden civsTurbo modeCheats
Victory
Defeat
🇨🇭 Bohemians · Switzerland
987
+14
🇨🇳 Muisca · China
950
-14
黑色的广告
10:42 Feudal Age
14:33 Castle Age
12:30 Double-Bit Axe
12:40 Loom
13:51 Horse Collar
16:56 Fletching
20:54 Gold Mining
28:06 Bodkin Arrow
30:13 Padded Archer Armor
32:14 Bow Saw
34:43 Imperial Age
33:06 Leather Archer Armor
35:11 Heavy Plow
36:16 Masonry
41:12 Chemistry
Schnerrus
2:43 Loom
10:23 Feudal Age
14:09 Castle Age
12:17 Double-Bit Axe
12:31 Horse Collar
16:02 Bow Saw
16:34 Heavy Plow
20:08 Wheelbarrow
23:28 Loom
23:58 Hand Cart
26:27 Fervor
28:29 Squires
27:49 Pikeman
28:31 Scale Mail Armor
30:32 Chemistry
29:52 Masonry
30:13 Chain Mail Armor
34:41 Imperial Age
32:32 Chain Mail Armor
33:51 Chemistry
33:52 Town Watch
34:24 Forging
34:05 Fletching
34:50 Houfnice
35:40 Siege Engineers
35:12 Halberdier
36:22 Conscription
Connection lost

Rejoining the realm…

Still unreachable

The connection could not be restored.

Session expired

The server has moved on; the page needs a fresh start.